 Dungeon Crawl Stone Soup version 0.26.0-45-g9c1d065592 (webtiles) character file.

Game seed: 8742380499640572547

21 kaeus the Skirmisher (level 2, -3/21 HPs)
             Began as an Octopode Fighter on Jan 29, 2021.
             Slain by a quokka (5 damage)
             ... on level 2 of the Dungeon.
             The game lasted 00:00:32 (885 turns).

kaeus the Skirmisher (Octopode Fighter)              Turns: 885, Time: 00:00:32

Health: -3/21      AC:  1    Str: 15    XL:     2   Next: 87%
Magic:  2/2        EV: 11    Int: 10    God:
Gold:   65         SH:  8    Dex: 11    Spells: 1/1 levels left

rFire    . . .     SeeInvis .   a - +0 rapier
rCold    . . .     Faith    .   b - +0 kite shield
rNeg     . . .     Spirit   .   (helmet restricted)
rPois    .         Reflect  .   (no amulet)
rElec    .         Harm     .   (no ring)
rCorr    .         Rampage  .   (no ring)
Will     .....                  (no ring)
Stlth    +++.......             (no ring)
HPRegen  0.07/turn              (no ring)
MPRegen  0.08/turn              (no ring)
                                (no ring)
                                (no ring)

@: no status effects
A: almost no armour, stealthy swim, amphibious, 8 rings, constrict 8, camouflage
1, gelatinous body 1
a: no special abilities


You were on level 2 of the Dungeon.
You visited 1 branch of the dungeon, and saw 2 of its levels.

You collected 65 gold pieces.

Inventory:

Hand Weapons
 a - a +0 rapier (weapon)
Armour
 b - a +0 kite shield (worn)
Scrolls
 d - 3 scrolls of identify {unknown}
 e - 2 scrolls of teleportation {unknown}
 f - a scroll of fear {unknown}
 g - a scroll of enchant weapon {unknown}
 h - a scroll of magic mapping {unknown}
 i - 3 scrolls of remove curse {unknown}
Potions
 c - a potion of might
 j - a potion of mutation {unknown}
 k - a potion of curing {unknown}


   Skills:
 + Level 3.2 Fighting
 + Level 2.1 Short Blades
 + Level 3.1 Dodging
 * Level 2.0 Stealth
 + Level 3.1 Shields


You had one spell level left.
You didn't know any spells.
Your spell library was empty.

Dungeon Overview and Level Annotations

Branches:
Dungeon (2/15)

Altars:


Innate Abilities, Weirdness & Mutations

You cannot wear most types of armour.
You are very stealthy in the water. (Stealth+)
You are amphibious.
You can wear up to eight rings at the same time.
You can use your tentacles to constrict eight enemies at once.
Your skin changes colour to match your surroundings (Stealth+).
Your rubbery body absorbs attacks. (AC +1, EV +1)


Message History

The leopard gecko is heavily wounded.
The quokka bites you.
* * * LOW HITPOINT WARNING * * *
The leopard gecko bites you.
* * * LOW HITPOINT WARNING * * *
The quokka bites you.
* * * LOW HITPOINT WARNING * * *
You take 5 damage, and have 2/21 hp.
MASSIVE DAMAGE!!
The leopard gecko closely misses you.
The leopard gecko hisses menacingly.
You block the leopard gecko's attack.
You see here a dagger.
You barely miss the leopard gecko. You grab the leopard gecko.
You squeeze the leopard gecko.
You kill the leopard gecko!
The quokka closely misses you.
Your Stealth skill increases to level 2!
You hit the quokka but do no damage. Your grab misses the quokka.
Your squeeze misses the quokka. The quokka bites you.
You die...

#.......###.#### #)#
#..####........# #.#
#))......##.##.####.#
#.##.##..#..........#
#...........##.######
#.#####..##.##.#
#<#####........#
#..........#####
########@..# #r†.#
#...# #...# #...#
..... .....$ .......
##...####


You could see a quokka.

Vanquished Creatures
  2 leopard geckos
  A goblin (D:2)
  3 hobgoblins
  5 kobolds
  2 bats (D:1)
  2 frilled lizards
  4 rats (D:1)
19 creatures vanquished.

Vanquished Creatures (others)
  A plant (D:1)
1 creature vanquished.

Grand Total: 20 creatures vanquished

Notes
Turn   | Place    | Note
-------+----------+-------------------------------------------
     0 | D:1      | kaeus the Octopode Fighter began the quest for the Orb.
     0 | D:1      | Reached XP level 1. HP: 16/16 MP: 1/1
   252 | D:1      | Reached skill level 1 in Stealth
   264 | D:1      | Reached XP level 2. HP: 21/21 MP: 2/2
   885 | D:2      | Slain by a quokka

Illustrated notes

Levels and vault maps discovered:
D:1:      mrwooster_arrival_statue, layout_rooms, serial_forest,
          infiniplex_forest_clump_large, infiniplex_forest_straight_2,
          infiniplex_forest_side_room, infiniplex_forest_end_3,
          infiniplex_forest_clump_medium, infiniplex_forest_corner_2,
          infiniplex_forest_straight_3
D:2:      layout_loops_cross, uniq_jessica

Skill      XL: |  1  2 |
---------------+-------+-----
Stealth        | 1 2 |  2.0
Fighting       | |  3.2
Short Blades   | |  2.1
Dodging        | |  3.1
Shields        | |  3.1

Action                   || total
-------------------------++-------
Melee: Rapier            ||    36
       Constrict         ||    10
       Tentacles         ||     4
 Stab: Sleeping          ||     2
Dodge: Dodged            ||    17
Block: Kite shield       ||    11
